Selects Indian Artillery Battlegroup
Construct Section Command Post
Construct Field Infirmary
Construct Field Infirmary
Selects Towed ML 4.2-inch Heavy Mortar
Towed ML 4.2-inch Heavy Mortar
Construct Platoon Command Post
6-pounder Anti-tank Gun Team
6-pounder Anti-tank Gun Team
Selects Gurkha Rifles Section
Construct Company Command Post
Selects Off-map Airburst Barrage
Selects Volunteer Infantry
6-pounder Anti-tank Gun Team
6-pounder Anti-tank Gun Team
Selects BL5.5 Artillery Emplacement